 Dungeon Crawl Stone Soup version 0.28.0-53-g5a82cb258f (webtiles) character file.

Game seed: 2075356990443051014

324 jjjjhere the Poker (level 6, -13/63 HPs)
             Began as an Ogre Chaos Knight on Aug 13, 2022.
             Was a Plaything of Xom.
             Killed from afar by a steam dragon (24 damage)
             ... with a ball of steam
             ... on level 3 of the Dungeon.
             The game lasted 00:03:47 (3380 turns).

jjjjhere the Poker (Ogre Chaos Knight)              Turns: 3380, Time: 00:03:48

Health: -13/63     AC:  3    Str: 21    XL:     6   Next: 48%
Magic:  11/15      EV:  7    Int: 13    God:    Xom [......]
Gold:   151        SH: 11    Dex:  8    Spells: 5/5 levels left

rFire   . . .      SeeInvis .   a - +0 spear (chaos)
rCold   . . .      Faith    .   e - +0 tower shield
rNeg    + . .      Spirit   .   j - +0 robe of Serendipity {rPois rN+ MP+9 Str+2}
rPois   +          Reflect  .   (helmet restricted)
rElec   .          Harm     .   (no cloak)
rCorr   .          Rampage  .   (gloves unavailable)
Will    .....                   (boots unavailable)
Stlth   +.........              (no amulet)
HPRegen 0.20/turn               (no ring)
MPRegen 0.14/turn               (no ring)

@: no status effects
A: large, unfitting armour, tough skin 1
a: Renounce Religion


You were on level 3 of the Dungeon.
You worshipped Xom.
You were a very special plaything of Xom.
You visited 1 branch of the dungeon, and saw 4 of its levels.

You collected 151 gold pieces.

Inventory:

Hand Weapons
 a - a +0 spear of chaos (weapon)
Armour
 e - a +0 tower shield (worn)
 j - the +0 robe of Serendipity (worn) {rPois rN+ MP+9 Str+2}
   (You found it on level 4 of the Dungeon)

   Str:       It affects your strength (+2).
   rPois:     It protects you from poison.
   rN:        It protects you from negative energy.
   MP:        It affects your magic capacity (+9).
Scrolls
 c - 5 scrolls of identify {unknown}
 d - a scroll of holy word {unknown}
 f - a scroll of magic mapping {unknown}
 g - a scroll of teleportation {unknown}
Potions
 h - a potion of degeneration {unknown}


   Skills:
 - Level 4.4 Fighting
 + Level 5.3 Polearms
 - Level 2.4 Dodging
 + Level 3.5 Shields


You had 5 spell levels left.
You didn't know any spells.
Your spell library was empty.

Dungeon Overview and Level Annotations

Branches:
Dungeon (4/15)
 Temple: D:4-7

Altars:


Innate Abilities, Weirdness & Mutations

You are too large for most types of armour.
You have tough skin. (AC +1)


Message History

You puncture the adder! You freeze the adder.
You kill the adder!
You hear Xom's avuncular chuckle.
The jelly evaporates and reforms as a steam dragon!
The iguana bites you.
You hit the iguana.
The iguana is moderately wounded.
The iguana bites you!
* * * LOW HITPOINT WARNING * * *
Throw: dart (atropa)
Press: ? - help, Q - select action Shift-Dir - straight line, f - iguana
Aim: an iguana (moderately wounded, 60% to hit, chance to blind on hit: 75%)
You throw an atropa-tipped dart.
The atropa-tipped dart barely misses the iguana.
The atropa-tipped dart hits the steam dragon.
The steam dragon appears confused.
The steam dragon seems less confused.
You block the iguana's attack.
Unknown command.
You closely miss the iguana.
The iguana is moderately wounded.
You block the iguana's attack.
You hit the iguana.
The iguana is poisoned.
The iguana is heavily wounded.
The iguana bites you.
* * * LOW HITPOINT WARNING * * *
You completely miss the iguana.
The iguana is heavily wounded.
The steam dragon is no longer blind.
You block the iguana's attack.
You open the door. The iguana barely misses you.
There is an open door here.
You block the iguana's attack.
You barely miss the iguana.
The iguana is severely wounded.
The iguana bites you.
* * * LOW HITPOINT WARNING * * *
You kill the iguana!
The steam dragon breathes steam at you. The ball of steam hits you!!
You die...
Xom guffaws!

#.........#### #####
#............# #...#
########[....# #...#
#########.....###...#
#.............D.'...#
#.............###...#
#..(........§....#.##
#........##§#.##.#.#########
#..........@#.##.#(...>.....
#######.....#.##.#.....)....
#.....#...............
#....#####.#..........
#..........#..........
#....#######(#........
#....# #.#......## #....#
#.#.####.#
#....#######.#.#.##.##


There were no monsters in sight!

Vanquished Creatures
  An ogre (D:3)
  2 iguanas (D:3)
  Natasha (thrice) (D:3)
  A hound skeleton (D:4)
  2 adders
  A worm (D:3)
  2 dart slugs
  3 orcs
  6 ball pythons
  8 bats
  2 endoplasms (D:1)
  3 giant cockroaches
  9 goblins
  4 hobgoblins
  11 jackals
  4 kobolds
  6 quokkas
  4 frilled lizards
  5 rats
77 creatures vanquished.

Notes
Turn   | Place    | Note
-------+----------+-------------------------------------------
     0 | D:1      | jjjjhere the Ogre Chaos Knight began the quest for the Orb.
     0 | D:1      | Reached XP level 1. HP: 24/24 MP: 1/1
    41 | D:1      | Reached XP level 2. HP: 26/32 MP: 2/2
   280 | D:1      | XOM: divination: detect items
   342 | D:1      | XOM: silly message
   404 | D:1      | Reached XP level 3. HP: 27/40 MP: 3/3
   883 | D:1      | Reached skill level 1 in Shields
  1240 | D:2      | XOM: silly message
  1476 | D:2      | Reached XP level 4. HP: 49/49 MP: 4/4
  1685 | D:2      | XOM: silly message
  1868 | D:3      | Reached skill level 4 in Polearms
  2006 | D:3      | XOM: smoke on damage
  2263 | D:3      | XOM: silly message
  2436 | D:3      | Found a faded altar of an unknown god.
  2463 | D:3      | XOM: silly message
  2513 | D:3      | Reached XP level 5. HP: 55/55 MP: 5/5
  2762 | D:3      | Noticed Natasha
  2773 | D:3      | Killed Natasha
  3021 | D:3      | Noticed Natasha
  3026 | D:3      | XOM: enchant monster (bad)
  3035 | D:3      | Killed Natasha
  3055 | D:3      | XOM: cloud trail
  3094 | D:3      | Noticed Natasha
  3103 | D:3      | Killed Natasha
  3276 | D:4      | Noticed an ogre
  3278 | D:4      | Identified the +0 robe of Serendipity {rPois rN+ MP+9
                  | Str+2}
  3286 | D:4      | XOM: butterfly on damage
  3290 | D:3      | XOM: cast spell 'Leda's Liquefaction'
  3296 | D:3      | Killed an ogre
  3297 | D:3      | Reached skill level 5 in Polearms
  3297 | D:3      | Reached XP level 6. HP: 50/63 MP: 6/6
  3365 | D:3      | Noticed a steam dragon
  3365 | D:3      | a jelly changed into a steam dragon
  3365 | D:3      | XOM: polymorph jelly -> steam dragon
  3366 | D:3      | HP: 15/63 [iguana (7)]
  3376 | D:3      | HP: 10/63 [iguana (6)]
  3380 | D:3      | Killed from afar by a steam dragon

Illustrated notes

Levels and vault maps discovered:
D:1:      co_arrival_square_in_a_square_in_a_square, layout_basic,
          palyth_stone_intersect, serial_bayou_ford_a
D:2:      layout_basic, hangedman_decor_push
D:3:      layout_basic, basic_ecumenical_altar, minivault_14,
          serial_bayou_pond_b, uniq_natasha
D:4:      layout_basic, tso_metal_star, minmay_temple_entry_poolview

Skill      XL: |  1  2  3  4  5 |
---------------+----------------+-----
Shields        | 1 2 3 |  3.5
Polearms       | 4 5 |  5.3
Fighting       | |  4.4
Dodging        | |  2.4

Action                   |  1- 3 |  4- 6 || total
-------------------------+-------+-------++-------
Melee: Spear             |   136 |   166 ||   302
Throw: Dart              |       |     4 ||     4
 Stab: Petrified         |       |     2 ||     2
       Sleeping          |       |     1 ||     1
Armor: Robe              |    45 |    48 ||    93
Dodge: Dodged            |    35 |    44 ||    79
Block: Tower shield      |    37 |    87 ||   124
